 Dungeon Crawl Stone Soup version 0.25.1-2-g60ff931df9 (webtiles) character file.

Game seed: 269393536863628424

414 Delamore the Cudgeler (level 6, -5/37 HPs)
             Began as a Gargoyle Fighter on Aug 5, 2020.
             Was a Follower of Okawaru.
             Slain by an ogre
             ... wielding a +0 giant club
              (13 damage)
             ... on level 4 of the Dungeon.
             The game lasted 00:02:43 (3228 turns).

Delamore the Cudgeler (Gargoyle Fighter)            Turns: 3228, Time: 00:02:43

Health: -5/37      AC: 12    Str: 21    XL:     6   Next: 91%
Magic:  6/6        EV:  7    Int:  9    God:    Okawaru [*.....]
Gold:   201        SH:  9    Dex:  9    Spells: 5/5 levels left

rFire    . . .     SeeInvis .   v - +0 mace (vorpal)
rCold    . . .     Gourm    .   c - +0 kite shield
rNeg     + . .     Faith    .   p - +0 scale mail {MR+}
rPois    ∞         Spirit   .   g - +0 helmet
rElec    +         Reflect  .   (no cloak)
rCorr    .         Harm     .   (no gloves)
MR       +....                  (no boots)
Stlth    ..........             (no amulet)
HPRegen  0.12/turn              k - ring of poison resistance
MPRegen  0.10/turn              (no ring)

@: no status effects
A: negative energy resistance 1, electricity resistance, unbreathing,
petrification resistance, rot immunity, AC +4
a: Heroism, Renounce Religion


You were on level 4 of the Dungeon.
You worshipped Okawaru.
Okawaru was aware of your devotion.
You were not hungry.

You visited 1 branch of the dungeon, and saw 4 of its levels.

You collected 201 gold pieces.

Inventory:

Hand Weapons
 a - a +0 flail
 v - a +0 vorpal mace (weapon)
Armour
 b - a +0 scale mail
 c - a +0 kite shield (worn)
 g - a +0 helmet (worn)
 p - a +0 scale mail of magic resistance (worn)
 t - a scarf of harm
Jewellery
 k - a ring of poison resistance (left hand)
 r - an uncursed amulet of guardian spirit
Wands
 l - a wand of random effects (19)
Scrolls
 h - a scroll of amnesia {unknown}
 i - 2 scrolls of fog {unknown}
 j - 5 scrolls of identify {unknown}
 m - a scroll of enchant armour {unknown}
 o - a scroll of random uselessness {unknown}
 s - a scroll of teleportation {unknown}
 x - a scroll of fear {unknown}
Potions
 d - a potion of might
 e - a potion of berserk rage {unknown}
 n - a potion of heal wounds {unknown}
 q - a potion of magic {unknown}
 u - a potion of cancellation {unknown}
 w - a potion of stabbing {unknown}
 A - a potion of lignification {unknown}
Comestibles
 f - 4 rations
 z - 2 chunks of flesh


   Skills:
 - Level 3.2 Fighting
 + Level 7.2 Maces & Flails
 - Level 3.2 Armour
 - Level 3.2 Shields


You had 5 spell levels left.
You didn't know any spells.
Your spell library contained the following spells:

 Spells                   Type           Power        Failure   Level  Hunger
 Magic Dart               Conj           #...         99%         1    ##.....
 Blink                    Tloc           N/A          100%        2    ###....
 Call Imp                 Summ           #.......     100%        2    ###....
 Slow                     Hex            #.......     100%        2    ###....
 Conjure Flame            Conj/Fire      #.......     100%        3    ####...
 Mephitic Cloud           Conj/Pois/Air  #.......     100%        3    ####...


Dungeon Overview and Level Annotations

Branches:
Dungeon (4/15)
 Temple: D:4-7

Altars:
Okawaru


Innate Abilities, Weirdness & Mutations

You are resistant to torment.
Your stone body is resilient. (AC +4)
You are immune to poison.
You resist negative energy. (rN+)
You are resistant to electric shocks. (rElec)
You can survive without breathing.
You are immune to petrification.
You are immune to rotting.


Message History

You are too injured to fight recklessly!
You are too injured to fight recklessly!
There is a stone staircase leading up here.
Evoke which item? (* to show all) (? for menu, Esc to quit)
Aiming: Random Effects
Press: ? - help, Shift-Dir - straight line, f - ogre
Aim: an ogre, wielding a +0 giant club The puff of flame hits the ogre.
The ogre is lightly wounded.
The ogre closely misses you.
Evoke which item? (* to show all) (? for menu, Esc to quit)
Aiming: Random Effects
Press: ? - help, Shift-Dir - straight line, p - ogre Nothing appears to happen.
Evoke which item? (* to show all) (? for menu, Esc to quit)
Aiming: Random Effects
Press: ? - help, Shift-Dir - straight line, f - ogre
Aim: an ogre, wielding a +0 giant club (lightly wounded)
The ogre twists and deforms.
The ogre hits you with a +0 giant club!
You die...

....##.> .#.#...## # ...#..#
^.......###
#.......####.........## #.#
#.....[...........#
...#.....#............
#.#.....##...........
#........#..###.##... ..
#.......#............
..#####...@...#............
..........O................
..............#...........
##............)#......#...#
#..##..........###...###...
..#.........#....#......##...
....###.####........###...#
#..#..# ##....##...#....
.......##.....#
##.....##........


You could see an ogre (misshapen).

Vanquished Creatures
  A phantom (D:2)
  A scorpion (D:4)
  3 wights (D:3)
  Terence (D:3)
  4 adders
  An ooze (D:3)
  An adder skeleton (D:4)
  2 worms
  5 dart slugs
  7 orcs
  3 giant cockroaches (D:3)
  5 goblins
  5 hobgoblins
  7 jackals
  2 quokkas (D:2)
  A ball python (D:3)
  4 bats
  4 frilled lizards
  6 kobolds
  10 rats
73 creatures vanquished.

Notes
Turn   | Place    | Note
-------+----------+-------------------------------------------
     0 | D:1      | Delamore the Gargoyle Fighter began the quest for the Orb.
     0 | D:1      | Reached XP level 1. HP: 14/14 MP: 1/1
   122 | D:1      | Reached XP level 2. HP: 13/19 MP: 2/2
   360 | D:1      | Reached skill level 3 in Maces & Flails
   692 | D:1      | Reached XP level 3. HP: 23/23 MP: 3/3
  1068 | D:2      | Noticed a phantom
  1297 | D:2      | Killed a phantom
  1297 | D:2      | Reached skill level 5 in Maces & Flails
  1297 | D:2      | Reached XP level 4. HP: 25/28 MP: 4/4
  1297 | D:2      | Reached XP level 5. HP: 28/32 MP: 5/5
  1601 | D:2      | Found an iron altar of Okawaru.
  1661 | D:2      | Became a worshipper of Warmaster Okawaru
  1864 | D:3      | Noticed Terence
  1878 | D:3      | Killed Terence
  2388 | D:3      | Reached skill level 6 in Maces & Flails
  2449 | D:3      | Reached XP level 6. HP: 36/37 MP: 6/6
  2526 | D:3      | Reached * piety under Okawaru
  3183 | D:4      | Reached skill level 7 in Maces & Flails
  3228 | D:4      | Slain by an ogre

Illustrated notes

Levels and vault maps discovered:
D:1:      grunt_arrival_lava_bath, layout_basic
D:2:      layout_rooms, lemuel_doored_altar
D:3:      layout_basic, uniq_terence
D:4:      layout_cave_pools, uniq_sigmund

Skill      XL: |  1  2  3  4  5  6 |
---------------+-------------------+-----
Maces & Flails | 3 5 6 7 |  7.2
Fighting       | |  3.2
Armour         | |  3.2
Shields        | |  3.2

Action                   |  1- 3 |  4- 6 || total
-------------------------+-------+-------++-------
Melee: Flail             |   118 |   174 ||   292
       Mace              |       |    20 ||    20
Evoke: Wand              |       |     3 ||     3
  Eat: Chunk             |     1 |     7 ||     8
Armor: Scale mail        |    78 |   119 ||   197
Dodge: Dodged            |    45 |    63 ||   108
Block: Kite shield       |    62 |   108 ||   170
